Map: Dusk Towers

Players

LilDicky

  • Race: Terran Terran
  • League: Diamond

Colbe - Winner!

  • Race: Zerg Zerg
  • League: Diamond

VOD

http://www.twitch.tv/tumescentpie

Description

Time

  • Played on: Nov. 29, 2015, 4:08 p.m.
  • Length: 16:09
Show
View Real Time Build Order
Export as new Build Order

LilDicky Terran 

Build Orders: Liberator Opening, Bio Tank, MMM Bio 

Get SALT Encoding   

  12  0:02  SCV  
  14  0:14  SCV  
  14  0:22  Supply Depot  
  14  0:26  SCV  
  15  0:44  SCV  
  15  0:45  Refinery  
  16  0:53  Barracks  
  16  0:56  SCV  
  17  1:08  SCV  
  18  1:20  SCV  
  19  1:32  SCV  
  20  1:42  Reaper  
  20  1:47  Orbital Command  
  21  1:52  Command Center  
  21  2:07  Supply Depot  
  21  2:08  Refinery  
  21  2:15  Factory  
  21  2:20  Barracks Tech Lab  
  21  2:23  SCV  
  22  2:44  SCV  
  23  2:52  Command Center  
  23  2:56  SCV  
  24  3:03  Marine  
  25  3:08  SCV, Starport  
  26  3:18  Orbital Command  
  31  3:34  Liberator  
  26  3:36  Siege Tank  
  26  3:37  Barracks Reactor  
  26  3:38  SCV  
  29  3:44  Refinery  
  29  3:50  SCV  
  33  4:02  SCV  
  34  4:05  Orbital Command  
  34  4:14  Siege Tank  
  37  4:17  Marine x2  
  39  4:33  SCV  
  39  4:36  SCV  
  39  4:38  SCV  
  42  4:39  Refinery  
  42  4:40  Liberator  
  42  4:41  Liberator  
  42  4:56  SCV x2  
  42  4:57  SCV  
  51  5:08  SCV, Orbital Command  
  51  5:09  SCV  
  51  5:11  Siege Tank  
  56  5:20  SCV  
  56  5:21  SCV  
  58  5:28  Marine  
  59  5:32  SCV  
  59  5:33  SCV  
  61  5:38  Supply Depot  
  61  5:39  Supply Depot  
  61  5:46  Barracks Tech Lab  
  61  5:48  Liberator x2  
  61  5:53  Barracks  
  61  5:56  Barracks  
  61  5:57  Barracks  
  61  6:00  SCV x3  
  61  6:03  Barracks  
  64  6:04  Engineering Bay  
  64  6:06  Siege Tank  
  64  6:07  Engineering Bay  
  73  6:12  SCV x2  
  75  6:18  Marine  
  75  6:20  Stimpack  
  75  6:24  SCV  
  77  6:34  Command Center  
  77  6:36  SCV x3  
  80  6:41  Supply Depot  
  80  6:42  Liberator  
  80  6:44  Supply Depot  
  80  6:48  SCV x3  
  80  6:49  Barracks Tech Lab  
  80  6:50  Barracks Reactor x2  
  80  6:51  Barracks Tech Lab, Marine  
  84  7:00  SCV x2  
  89  7:02  SCV  
  89  7:04  Siege Tank  
  93  7:09  Marine  
  93  7:12  SCV x2  
  93  7:14  SCV  
  93  7:15  Refinery, Marine  
  97  7:16  Refinery, Marine  
  99  7:23  Combat Shields  
  99  7:25  SCV x2  
  99  7:27  SCV  
  99  7:29  Marine  
  101  7:30  Marine x2  
  101  7:31  Marauder  
  101  7:33  Marine  
  101  7:34  Marauder  
  109  7:39  SCV, Missile Turret, Marine  
  109  7:41  Missile Turret  
  109  7:42  Missile Turret  
  109  7:43  Supply Depot  
  111  7:46  Supply Depot  
  111  7:48  Orbital Command  
  111  7:52  Marauder, Marine  
  111  7:53  Missile Turret, Marine  
  111  7:55  Missile Turret  
  111  7:57  Marauder  
  117  7:59  Missile Turret, Marine  
  118  8:21  Medivac x2  
  118  8:22  Siege Tank  
  125  8:35  Orbital Command  
  125  8:38  Marauder, Marine x2  
  125  8:39  Marauder  
  131  8:42  Terran Infantry Weapons Level 1, Terran Infantry Armor Level 1, Missile Turret  
  131  8:43  Armory, Missile Turret  
  131  8:46  Missile Turret  
  131  8:47  Supply Depot  
  131  8:49  SCV x3, Marine  
  131  8:50  Supply Depot, Refinery, Marine x2  
  131  8:52  Refinery  
  137  8:55  Marine  
  137  8:57  Starport  
  137  9:01  SCV x2  
  140  9:11  Missile Turret  
  140  9:12  Marine x2  
  140  9:13  Marine, Marauder x2  
  140  9:14  Marine  
  140  9:15  Marauder  
  150  9:22  Liberator x2  
  150  9:24  Missile Turret  
  150  9:33  Marine x4  
  150  9:34  Marine  
  150  9:35  Marine, Marauder  
  150  9:37  Missile Turret, Starport Reactor  
  158  9:44  Supply Depot  
  163  9:46  Supply Depot x3  
  163  9:49  Siege Tank  
  164  10:06  Marauder x3  
  155  10:22  Medivac x2  
  155  10:27  Medivac x2  
  155  10:28  Marine x2  
  161  10:29  Marauder x2, Marine x2  
  161  10:31  SCV  
  170  10:40  SCV x2  
  170  10:41  SCV  
  173  10:43  Marine  
  173  10:46  Command Center, Marine x2  
  173  10:48  SCV  
  173  10:49  Factory  
  177  10:51  Marine, Marauder x2  
  177  10:52  Supply Depot, Medivac, SCV, Marine  
  186  11:02  Marauder  
  188  11:22  Marine  
  188  11:23  Marauder x2  
  180  12:02  Liberator x4  
  158  12:17  Marine  
  158  12:18  Marauder  
  167  12:42  Marine x3  
  167  12:43  Marauder x2  
  174  12:45  Liberator x2  
  167  12:58  Marine x2  
  169  12:59  Marine  
  169  13:00  SCV, Marine  
  169  13:04  Marauder x2  
  132  13:13  Marine  
  132  13:15  Marine  
  132  13:16  Marauder  
  132  13:17  Marine  
  113  13:26  Marauder x2  
  117  13:27  Siege Tank, Marine  
  103  13:38  Marine x2, Marauder  
  103  13:46  Marine x2  
  103  13:47  Marauder x2  
  95  13:55  Orbital Command  
  95  13:59  Marauder  
  89  14:07  Orbital Command  
  89  14:08  Marauder x2  
  79  14:14  Orbital Command  
  63  14:20  Marauder  
  53  14:31  Marine x5  
  56  14:41  Marine  
  55  14:49  Marine x3  
  52  14:59  Marine  
  48  15:00  Orbital Command  
  48  15:02  Orbital Command  
Show
View Real Time Build Order
Export as new Build Order

Colbe Zerg - Winner!

Build Orders: Hatch First, Lurkers 

Get SALT Encoding   

  12  0:01  Drone  
  13  0:12  Overlord  
  13  0:17  Drone  
  14  0:30  Drone x2  
  14  0:34  Drone  
  17  0:53  Hatchery  
  17  0:55  Drone  
  17  0:57  Extractor  
  17  1:01  Drone  
  17  1:14  Spawning Pool  
  17  1:17  Drone  
  17  1:25  Overlord  
  17  1:31  Drone  
  18  1:40  Drone  
  19  1:50  Drone  
  20  2:03  Metabolic Boost  
  20  2:04  Queen  
  20  2:05  Zergling x2  
  23  2:13  Queen  
  25  2:17  Drone  
  25  2:20  Drone  
  27  2:23  Drone  
  27  2:26  Drone  
  27  2:29  Overlord  
  29  2:32  Drone  
  30  2:38  Zergling x2  
  30  2:43  Queen  
  33  2:50  Queen  
  35  2:52  Drone x2  
  35  2:56  Drone  
  38  3:11  Drone  
  38  3:12  Drone  
  39  3:26  Overlord  
  38  3:32  Overlord  
  38  3:34  Overlord x2  
  38  3:39  Roach Warren  
  38  3:41  Drone x5  
  41  3:42  Extractor x2  
  40  3:55  Overlord  
  40  3:59  Hatchery  
  39  4:10  Drone  
  39  4:11  Drone x5  
  39  4:15  Lair  
  45  4:20  Drone x2  
  47  4:26  Overlord  
  47  4:30  Drone x5  
  52  4:34  Drone x2  
  54  4:39  Drone  
  55  4:46  Baneling Nest  
  54  4:53  Overlord  
  54  4:58  Spore Crawler  
  52  5:00  Spore Crawler  
  52  5:03  Extractor  
  50  5:15  Drone x6  
  50  5:16  Drone x3  
  59  5:22  Hydralisk Den  
  58  5:28  Evolution Chamber  
  58  5:30  Evolution Chamber  
  58  5:34  Extractor x2  
  54  5:39  Overlord  
  54  5:41  Centrifical Hooks  
  54  5:43  Zergling x10  
  54  5:44  Zergling x8  
  63  5:50  Overlord x2  
  63  5:56  Lurker Den  
  63  6:03  Drone x6  
  69  6:05  Baneling  
  69  6:06  Baneling x3  
  69  6:16  Zerg Ground Armor Level 1, Zerg Melee Weapons Level 1  
  69  6:20  Drone x3  
  71  6:40  Overlord  
  71  6:41  Hydralisk x6  
  71  6:44  Overlord  
  83  6:58  Overlord  
  83  7:05  Zergling x14  
  83  7:06  Zergling x6  
  93  7:23  Lurker x6  
  93  7:24  Overlord x2  
  99  7:35  Baneling x5  
  99  7:45  Hatchery  
  98  7:53  Overseer  
  98  7:58  Drone x3  
  101  7:59  Drone  
  101  8:00  Drone x8  
  101  8:01  Drone x2  
  101  8:02  Overseer  
  101  8:04  Hatchery, Infestation Pit  
  110  8:15  Zerg Melee Weapons Level 2  
  110  8:16  Zerg Ground Armor Level 2  
  109  8:27  Roach  
  109  8:28  Roach x6  
  109  8:31  Baneling x2  
  109  8:32  Baneling x3  
  123  8:40  Overlord  
  123  8:45  Hive  
  123  8:48  Spine Crawler  
  122  8:49  Spore Crawler, Spine Crawler  
  120  8:56  Ravager x5  
  120  8:57  Ravager x2  
  120  8:58  Overlord  
  120  8:59  Overlord x3  
  120  9:00  Drone  
  120  9:01  Drone  
  129  9:10  Overlord  
  128  10:26  Drone x7  
  128  10:27  Drone x2  
  137  10:31  Adrenal Glands  
  137  10:32  Zerg Melee Weapons Level 3  
  137  10:33  Zerg Ground Armor Level 3  
  137  10:35  Ultralisk Cavern  
  136  11:23  Extractor  
  136  11:25  Ultralisk x8  
  183  11:26  Ultralisk, Extractor  
  183  11:28  Zergling x4  
  183  11:30  Overlord x3  
  190  11:41  Chitinous Plating  
  177  11:56  Extractor  
  177  12:00  Extractor  
  160  12:11  Zergling x2  
  160  12:12  Zergling x38  
  160  12:13  Zergling x22  
  191  12:26  Zergling x10  
  191  12:27  Zergling x8  
  165  13:19  Zergling x10  
  155  13:20  Zergling x16  
  157  13:33  Zergling x6  
  138  13:52  Spore Crawler  
  130  13:57  Zergling x2  
  130  13:58  Zergling x12  
  119  14:06  Zergling x2  
  119  14:07  Zergling x8  
  124  14:14  Spire  
  124  14:15  Zergling x6  
  105  14:32  Zergling x6  
  105  14:35  Hatchery  
  89  15:27  Corruptor  
  89  15:28  Corruptor x17  
  118  15:55  Extractor  
Tags
 
Add a new tag
Caveats
  • Supply blocks, unpowered buildings, or Contaminate may cause inaccurate times.
  • Supply counts are checked every 10 seconds.